[Event "*** Titled Tuesday Blitz"]
[Site "Chess.com"]
[Date "2018.06.05"]
[Round "3"]
[White "vugarrasulov"]
[Black "Kimster98"]
[Result "1-0"]
[WhiteElo "2727"]
[BlackElo "2557"]
[TimeControl "180+2"]
[EndTime "13:44:44 PDT"]
[Termination "vugarrasulov won by resignation"]

1. e4 e5 2. Nf3 Nc6 3. Bb5 a6 4. Ba4 Nf6 5. Bxc6 dxc6 6. d3 Bd6 7. Nbd2 O-O 8. Nc4 Re8 9. Bd2 Nd7 10. h4 c5 11. h5 h6 12. Nh4 Nb8 13. Ne3 Nc6 14. Nef5 Bxf5 15. Nxf5 Nd4 16. Qg4 Nxf5 17. Qxf5 Qc8 18.
Qf3 Qe6 19. c4 Rad8 20. Rh3 f6 21. Rg3 Kh7 22. Rg6 Bf8 23. O-O-O Rd7 24. Bc3 b5 25. b3 c6 26. Kc2 Red8 27. g4 Rd6 28. Qe3 Qd7 29.
Qf3 Re8 30. Qf5 Qxf5 31. gxf5 Red8 32. f3 R6d7 33. Ba5 Re8 34. Bd2 Red8 35. Be3 Bd6 36. Rd2 Re8 37. Rg1 Red8 38. Ra1 Rc8 39. a4 b4 40. Rg1 Rcd8 41. Kd1 Re8 42. Ke2 Red8 43. Rgd1 Re8 44. Kf2 Red8 45. Kg3 Kg8 46. Kg4 Kf7 47. f4 exf4 48. Bxf4 Bxf4 49. Kxf4 Rd4 50. Ke3 Re8 51. Rg1 Re5 52. Rdg2 g5 53. hxg6+ Kg7 54.
Rh2 Re8 55. Ke2 Rdd8 56. Rgh1 Rh8 57. Ke3 Rd7 58. Rh4 Rdd8 59. Kd2 Rd7 60. Kc2 Rdd8 61.
R4h3 Rd7 62. Rf1 Re7 63. Kd2 Rd8 64. Ke2 Rde8 65. Rf4 Rd8 66. Rfh4 Rh8 67. Ke3 Rd7 68. Ke2 Re7 69. a5 Rd7 70. Ke3 Rdd8 71. Kf4 Rde8 72. Rh2 Re7 73. d4 cxd4 74. c5 Re5 75. Rd2 Rd8 76.
Rh3 Rxc5 77. Rhd3 Rb5 78. Rxd4 Rxd4 79. Rxd4 Rb7 80. Rc4 Rb5 81. Rxc6 Rxa5 82. Rb6 Re5 83. Rxb4 a5 84. Rb7+ Kg8 85. Rf7 Rb5 86. Rxf6 Rxb3 87. Ra6 Rb5 88. f6 1-0

[Event "*** Titled Tuesday Blitz"]
[Site "Chess.com"]
[Date "2018.06.05"]
[Round "3"]
[White "Abund"]
[Black "Arystanner23"]
[Result "0-1"]
[WhiteElo "2506"]
[BlackElo "2630"]
[TimeControl "180+2"]
[EndTime "13:44:45 PDT"]
[Termination "Arystanner23 won by resignation"]

1. Nf3 Nf6 2. c4 e6 3. Nc3 d5 4. d4 dxc4 5. e3 a6 6. Bxc4 b5 7. Bd3 Bb7 8. O-O Nbd7 9. a3 c5 10. Qe2 Be7 11. Rd1 Qb8 12. Bc2 O-O 13. e4 cxd4 14.
Nxd4 Rc8 15. Bg5 Bd6 16. h3 Bh2+ 17. Kh1 Bf4 18. Bxf6 Nxf6 19. Nf3 Be5 20. Nxe5 Qxe5 21. Qe3 g5 22. Rd4 Rd8 23. Rad1 Rxd4 24. Rxd4 Kg7 25.
Kg1 Rc8 26. Bd1 h6 27. Be2 Rc7 28. Qd3 Qf4 29. Bf3 Qc1+ 30. Nd1 e5 31. Rd6 Rc6 32.
Kh2 Rxd6 33. Qxd6 Qf4+ 34. Kg1 Bxe4 35. Bxe4 Nxe4 36. Qd5 Nf6 37. Qd6 a5 38. Ne3 Ne4 39. Qd3 Qxf2+ 40. Kh2 Qg3+ 41. Kg1 Qe1+ 42. Kh2 Qh1+ 43.
Kxh1 Nf2+ 44. Kg1 Nxd3 45. b3 b4 46. axb4 axb4 47. Kf1 Nc5 48. Nd5 Nxb3 49. Nxb4 f5 50. Kf2 Nd4 51. Ke3 Kf6 52. Nd3 Ne6 53. g3 e4 54. Nb4 Ke5 55. Nc6+ Kd6 56. Nb4 Kc5 57. Nc2 Nc7 58. Kd2 Nd5 59. Ke2 Kc4 60. Kd2 f4 61. gxf4 gxf4 62. Ne1 Kd4 63. Ke2 Nc3+ 64. Kf2 Ke5 65.
Nc2 f3 66. Ne3 Kf4 67. Ng4 h5 68. Ne3 Ke5 69. Nc2 Nd5 70. Kg3 h4+ 71. Kf2 Kf4 72. Nd4 e3+ 73. Ke1 Kg3 74. Kf1 e2+ 75. Ke1 Kg2 76. Kd2 f2 77. Nxe2 f1=Q 78. Nd4 Qf2+ 79. Kd3 Nf4+ 80. Ke4 Nxh3 81. Nf5 Qf4+ 0-1

[Event "*** Titled Tuesday Blitz"]
[Site "Chess.com"]
[Date "2018.06.05"]
[Round "3"]
[White "VerdeNotte"]
[Black "rasmussvane"]
[Result "1-0"]
[WhiteElo "2634"]
[BlackElo "2569"]
[TimeControl "180+2"]
[EndTime "13:44:53 PDT"]
[Termination "VerdeNotte won by resignation"]

1. g3 d5 2. Nf3 Bg4 3. Bg2 e6 4.
c4 c6 5. Qb3 Qb6 6. d3 Bd6 7.
Be3 Qc7 8. c5 Be7 9. d4 Nd7 10.
Bf4 Qc8 11. Nbd2 Ngf6 12. Ne5 Nxe5 13. Bxe5 O-O 14. Rc1 Nd7 15. Bf4 b6 16. cxb6 axb6 17. e4 Qa6 18. f3 Bh5 19. Rxc6 dxe4 20. Rc7 Rfd8 21. a3 exf3 22. Nxf3 Rac8 23. Kf2 Rxc7 24. Bxc7 Rc8 25. Bf4 Nf6 26. Re1 Nd5 27. Bd2 Bf6 28. Ne5 Bg6 29. Bxd5 exd5 30. Qxd5 Bxe5 31. Qxe5 h6 32.
Bc3 Qd3 33. d5 Qf5+ 34. Qxf5 Bxf5 35. d6 f6 36. Re7 Rd8 37. Bb4 Rd7 38. Re8+ Kf7 39. Rb8 Ke6 40. Rxb6 Kd5 41. Rb8 Bd3 42. Rc8 f5 43. Rc7 Bb5 44. b3 g5 45. a4 Bc6 46. Ke3 Rxc7 47. dxc7 Bd7 48. Bf8 h5 49. b4 Kc6 50. Bh6 Kxc7 51. b5 Kb6 52. Bxg5 Ka5 53.
Kd4 Kxa4 54. b6 Bc6 55. Kc5 Bb7 56. Bd2 Be4 57. Be1 Bf3 58. Bc3 Be4 59. Be1 Bf3 60.
Bf2 Be4 61. Kd6 Kb5 62. Ke5 Kc6 63. Kf4 Bd3 64. Kg5 Be2 65. Kxf5 Bg4+ 66. Kg5 Kb7 67. h3 Bxh3 68. Kxh5 Kc6 69. g4 Bg2 70. g5 Kd7 71. Kg6 Ke8 72. Bc5 Be4+ 73. Kf6 Kd7 74. g6 Bd5 75. Be3 Bc4 76. g7 Bd5 77. Bf4 Kc6 78. Bc7 Kd7 79. Ke5 Bf7 80. Kd4 Bg8 81. Kc5 Bf7 82.
Bh2 Kc8 83. Kc6 Be8+ 84. Kd6 Bf7 85. Ke7 Bd5 86. Kf8 Kb7 87. Bg1 1-0

[Event "*** Titled Tuesday Blitz"]
[Site "Chess.com"]
[Date "2018.06.05"]
[Round "3"]
[White "Beca95"]
[Black "Blackmind96"]
[Result "1-0"]
[WhiteElo "2775"]
[BlackElo "2555"]
[TimeControl "180+2"]
[EndTime "13:45:05 PDT"]
[Termination "Beca95 won by resignation"]

1. d4 e6 2. Nf3 d5 3. c4 Nf6 4. Nc3 c5 5. cxd5 Nxd5 6. e4 Nxc3 7. bxc3 cxd4 8. cxd4 Bb4+ 9. Bd2 Bxd2+ 10. Qxd2 O-O 11.
Bc4 Nd7 12. O-O b6 13. Rfe1 Bb7 14. Rad1 Rc8 15. Bb3 h6 16. h4 Nf6 17. Qf4 Qc7 18.
Ne5 Nd7 19. Rc1 Qd6 20. Rxc8 Bxc8 21. Ng6 Qxf4 22. Nxf4 Nf6 23. e5 Ne8 24. d5 exd5 25. Nxd5 Be6 26. Rc1 f6 27. Nxf6+ gxf6 28. Bxe6+ Kh8 29.
exf6 Rxf6 30. Bb3 Nd6 31. Rc7 a5 32. Bd5 Nf5 33. g3 Nd4 34. Kg2 b5 35. g4 a4 36. g5 hxg5 37. Rc8+ Kg7 38. hxg5 Rf5 39. Rg8+ Kh7 40. g6+ Kh6 41. Be4 Rg5+ 42. Kh2 Ne6 43.
Rh8+ Kg7 44. Rh7+ Kf6 45. Rf7+ Ke5 46. Bd3 b4 47. Rb7 Rh5+ 48. Kg3 Rg5+ 49. Kh4 Rg1 50. Rxb4 Rd1 51. Re4+ Kf6 52. Bc4 Rh1+ 53. Kg3 Ng5 54. Rf4+ Kxg6 55. Bd3+ Kg7 56. Kg4 Ne6 57. Rxa4 Nc5 58.
Ra7+ Kf6 59. Bb5 Rg1+ 60. Kf3 Ke5 61. a4 Ne6 62. Ke3 Re1+ 63. Kd2 Ra1 64. Bc4 Nc5 65. a5 Kd4 66. Bf7 Ne4+ 67. Ke2 Nc3+ 68. Kf3 Nb5 69. Ra8 Kc5 70. Kg4 Rg1+ 71. Kf4 Rf1 72. f3 Ra1 73. Bg6 Ra4+ 74. Be4 Nc7 75. Ra7 Nb5 76. Ra6 Kb4 77. Ke5 Rxa5 78. Rxa5 Kxa5 79. f4 Kb6 80. Bd3 Nc7 81.
f5 Kc6 82. f6 Kd7 83. Bc4 Ke8 84. Kd6 Na8 85. Kc6 Kd8 86. Kb7 Nc7 87. f7 Ne6 88. Bxe6 1-0

[Event "*** Titled Tuesday Blitz"]
[Site "Chess.com"]
[Date "2018.06.05"]
[Round "3"]
[White "dalmatinac101"]
[Black "RiskyDecision"]
[Result "1/2-1/2"]
[WhiteElo "2721"]
[BlackElo "2508"]
[TimeControl "180+2"]
[EndTime "13:49:15 PDT"]
[Termination "Game drawn by 50-move rule"]

1. e4 e6 2. d4 d5 3. Nc3 dxe4 4. Nxe4 Nd7 5. Bd3 Ngf6 6. c3 c5 7. Nf3 Nxe4 8. Bxe4 Nf6 9. Bc2 cxd4 10. Nxd4 Bc5 11. O-O Bxd4 12. cxd4 Bd7 13. Bg5 Bc6 14. Bb3 O-O 15. Re1 h6 16. Bh4 Bd5 17. Bxd5 Qxd5 18.
Re5 Qd8 19. Qf3 Rc8 20. Rd1 Rc2 21. Re2 Rxe2 22. Qxe2 Qd5 23. Bxf6 gxf6 24. h3 Rc8 25. Rd3 Rc1+ 26. Kh2 Kf8 27. Qd2 Rf1 28. Qxh6+ Ke7 29. Qf4 Qd6 30. Qxd6+ Kxd6 31. Rd2 Ra1 32. a3 Kd5 33. h4 Rc1 34. h5 f5 35. f3 f4 36.
Kh3 Rh1+ 37. Kg4 f6 38. Re2 b5 39. b3 a5 40. a4 b4 41. Rd2 Rh2 42. Re2 Rh1 43.
Kxf4 Rxh5 44. Ke3 Rh1 45. Rc2 Re1+ 46. Kd3 Rb1 47. Rc5+ Kd6 48. Rxa5 Rxb3+ 49. Kc4 Rb1 50. Ra6+ Kd7 51. Rb6 Rb2 52. g4 Rf2 53. a5 Rxf3 54. a6 Ra3 55. Kxb4 Ra1 56. d5 exd5 57. Kc5 Ra5+ 58.
Kd4 Ke7 59. Rc6 Kf7 60. Kc3 Kg6 61. Kb4 Ra1 62. Rd6 Kg5 63. Rxd5+ Kxg4 64. Ra5 Rb1+ 65.
Kc5 Rb8 66. a7 Ra8 67. Ra4+ Kg3 68. Ra3+ Kg4 69. Kd4 f5 70. Ke3 f4+ 71. Ke4 Re8+ 72. Kd4 Ra8 73. Ke4 Re8+ 74. Kd5 Ra8 75. Ra6 f3 76.
Ra4+ Kg3 77. Ra3 Kg2 78. Kc6 f2 79. Ra2 Rxa7 80. Rxa7 f1=Q 81. Rg7+ Kh3 82. Rh7+ Kg4 83. Rd7 Qc4+ 84. Kd6 Kf5 85. Ke7 Ke5 86. Rb7 Qc5+ 87. Kd7 Kd5 88. Rc7 Qb5+ 89. Ke7 Qb6 90. Rd7+ Ke5 91.
Rd1 Qe6+ 92. Kd8 Qf6+ 93. Kc7 Qg7+ 94. Rd7 Qf8 95. Kc6 Qc8+ 96. Rc7 Qa6+ 97. Kd7 Qb5+ 98. Ke7 Qb6 99. Kd7 Qe6+ 100. Kd8 Qg8+ 101. Kd7 Kd5 102. Ke7 Qg7+ 103. Kd8 Qf8+ 104. Kd7 Qd6+ 105. Kc8 Ke6 106. Kb7 Qb4+ 107. Kc8 Kd6 108. Rd7+ Ke6 109. Rc7 Qb5 110. Rb7 Qc6+ 111. Kb8 Kd6 112. Rb1 Qe8+ 113. Ka7 Qe7+ 114. Rb7 Qd8 115. Rb6+ Kc5 116. Rb7 Kc6 117. Rb3 Qa5+ 118. Kb8 Qe5+ 119. Ka7 Qd4+ 120. Kb8 Qd6+ 121. Ka7 Qc7+ 122. Ka8 Qd8+ 123. Ka7 Qe7+ 124. Ka6 Qe2+ 125. Ka5 Qd2+ 126. Ka4 Qc2 127. Kb4 Qc5+ 128. Ka4 Qa7+ 129. Kb4 Qd4+ 130. Ka3 Kc5 131. Ka2 Qa4+ 132. Kb2 Kd4 133. Rb6 Qa5 134. Rb3 Kc4 135. Rb8 Qd2+ 136. Kb1 Qd1+ 137. Ka2 Qc2+ 138. Rb2 Qa4+ 139. Kb1 Kc3 140. Rb6 Qd1+ 141. Ka2 Qd5+ 142. Kb1 Qe4+ 143. Ka2 Qc2+ 144. Ka3 1/2-1/2

[Event "*** Titled Tuesday Blitz"]
[Site "Chess.com"]
[Date "2018.06.05"]
[Round "4"]
[White "ulises2013"]
[Black "mazetofonias"]
[Result "1/2-1/2"]
[WhiteElo "2387"]
[BlackElo "2533"]
[TimeControl "180+2"]
[EndTime "13:52:04 PDT"]
[Termination "Game drawn by repetition"]

1. e4 c5 2. g3 d6 3. Bg2 g6 4.
Ne2 Bg7 5. O-O Nf6 6. c3 O-O 7.
d4 cxd4 8. cxd4 Bg4 9. f3 Bd7 10. Nbc3 Nc6 11. Be3 Rc8 12. Rc1 Qa5 13. h3 Rfe8 14. Qd2 Qa6 15. f4 Na5 16. b3 e5 17.
Rfd1 exf4 18. Nxf4 Nc6 19. Nfd5 Nxd5 20. Nxd5 Be6 21.
Nf4 Bd7 22. Nd5 Be6 23. Nf4 Bd7 24. Nd5 1/2-1/2

[Event "*** Titled Tuesday Blitz"]
[Site "Chess.com"]
[Date "2018.06.05"]
[Round "4"]
[White "Aleksandr_Kholin"]
[Black "VovenRogel"]
[Result "0-1"]
[WhiteElo "2427"]
[BlackElo "2633"]
[TimeControl "180+2"]
[EndTime "13:52:05 PDT"]
[Termination "VovenRogel won by resignation"]

1. d4 d5 2. c4 c6 3. Nf3 Nf6 4. e3 a6 5. Nbd2 e6 6. Be2 Nbd7 7. O-O Be7 8. b3 O-O 9. Bb2 b6 10. Rc1 Bb7 11. Bd3 c5 12. Qe2 Ne4 13. Rfd1 f5 14.
cxd5 exd5 15. dxc5 bxc5 16. Nf1 Bf6 17. Ng3 Bxb2 18.
Qxb2 Qe7 19. Bc4 dxc4 0-1

[Event "*** Titled Tuesday Blitz"]
[Site "Chess.com"]
[Date "2018.06.05"]
[Round "4"]
[White "fyall777"]
[Black "RamonManon0g"]
[Result "1-0"]
[WhiteElo "2319"]
[BlackElo "2286"]
[TimeControl "180+2"]
[EndTime "13:52:35 PDT"]
[Termination "fyall777 won by resignation"]

1. d4 Nf6 2. Bg5 e6 3. e4 h6 4. Bxf6 Qxf6 5. Nc3 c5 6. d5 exd5 7. Nxd5 Qe5 8. Bd3 Na6 9. c3 Bd6 10. Nf3 Qh5 11. e5 Bb8 12. h3 d6 13. Nf4 Qxf3 14. Qxf3 dxe5 15. Bb5+ Kf8 16. Bxa6 1-0

[Event "*** Titled Tuesday Blitz"]
[Site "Chess.com"]
[Date "2018.06.05"]
[Round "4"]
[White "BrizuelaRonald"]
[Black "mishanick"]
[Result "1/2-1/2"]
[WhiteElo "2723"]
[BlackElo "2842"]
[TimeControl "180+2"]
[EndTime "13:52:53 PDT"]
[Termination "Game drawn by agreement"]

1. d4 Nf6 2. c4 e6 3. Nc3 Bb4 4. e3 O-O 5. Ne2 d5 6. a3 Bd6 7. c5 Be7 8. b4 b6 9. Nf4 c6 10. Be2 Nbd7 11. O-O Re8 12. Bb2 a5 13. f3 Bf8 14. Nd3 e5 15. dxe5 Nxe5 16. Nxe5 Rxe5 17. Na4 Rxe3 18. Nxb6 Ra7 19. Nxc8 Qxc8 20. Bd4 Re8 21. b5 cxb5 22. Bxb5 Re6 23. c6 Ra8 24. a4 Ne8 25. Qc2 1/2-1/2

[Event "*** Titled Tuesday Blitz"]
[Site "Chess.com"]
[Date "2018.06.05"]
[Round "4"]
[White "Mbneu"]
[Black "Vamostodorecto"]
[Result "0-1"]
[WhiteElo "2191"]
[BlackElo "2355"]
[TimeControl "180+2"]
[EndTime "13:53:01 PDT"]
[Termination "Vamostodorecto won by resignation"]

1. d4 d5 2. c4 dxc4 3. Nf3 Nf6 4. Nc3 a6 5. e4 b5 6. e5 Nd5 7. Ne4 e6 8. Be2 Bb4+ 9. Bd2 O-O 10. O-O Nd7 11.
Bxb4 Nxb4 12. b3 Bb7 13. Nfd2 Nd3 14. bxc4 bxc4 15. Nc3 Nb6 16. Nf3 Bxf3 17. Bxf3 Qxd4 18. Bxa8 Rxa8 19. Qf3 Qxc3 20. Rac1 Nxc1 0-1

[Event "*** Titled Tuesday Blitz"]
[Site "Chess.com"]
[Date "2018.06.05"]
[Round "4"]
[White "maciek_92"]
[Black "kuli4ik"]
[Result "0-1"]
[WhiteElo "2619"]
[BlackElo "2689"]
[TimeControl "180+2"]
[EndTime "13:53:07 PDT"]
[Termination "kuli4ik won by resignation"]

1. d4 d5 2. c4 c6 3. Nc3 dxc4 4. a4 e5 5. Nf3 exd4 6. Nxd4 Nd7 7. e4 Ne5 8. Be2 Nd3+ 9. Bxd3 cxd3 10. Be3 Nf6 11. O-O Ng4 12. Qf3 Bd6 13. g3 Nxe3 14. Qxe3 Bc5 15. Ne6 Bxe3 16. Nxd8 Bd4 0-1

[Event "*** Titled Tuesday Blitz"]
[Site "Chess.com"]
[Date "2018.06.05"]
[Round "4"]
[White "Flawless2018"]
[Black "Alexandr_Predke"]
[Result "0-1"]
[WhiteElo "2490"]
[BlackElo "2648"]
[TimeControl "180+2"]
[EndTime "13:53:40 PDT"]
[Termination "Alexandr_Predke won by resignation"]

1. e4 e5 2. Nf3 Nc6 3. Bc4 Nf6 4.
Ng5 d5 5. exd5 Na5 6. Bb5+ Bd7 7. Qe2 Be7 8. Nc3 O-O 9. Bxd7 Qxd7 10. O-O Nxd5 11.
Qxe5 Nxc3 12. dxc3 Nc6 13. Qb5 a6 14. Qb3 b5 15. Be3 Na5 16. Rad1 Qxd1 17. Rxd1 Nxb3 18. cxb3 Rad8 19. Rxd8 Rxd8 20. g3 Rd1+ 21. Kg2 Bxg5 22. Bxg5 Rb1 23. Bf4 c6 24. c4 Rxb2 25. cxb5 cxb5 26.
a4 bxa4 27. bxa4 Ra2 0-1

[Event "*** Titled Tuesday Blitz"]
[Site "Chess.com"]
[Date "2018.06.05"]
[Round "4"]
[White "rasmussvane"]
[Black "gammagramma"]
[Result "1-0"]
[WhiteElo "2581"]
[BlackElo "2505"]
[TimeControl "180+2"]
[EndTime "13:53:49 PDT"]
[Termination "rasmussvane won by resignation"]

1. Nf3 d5 2. d4 c6 3. c4 Nf6 4.
Nbd2 Bf5 5. Nh4 Bc8 6. e3 g6 7. b3 Bg7 8. Bb2 O-O 9. Be2 a6 10. O-O b5 11. Qc2 Nbd7 12. Rfd1 Bb7 13. Rac1 bxc4 14. bxc4 a5 15. Nhf3 Ba6 16. Bf1 e6 17. Rb1 Rb8 18. Bc3 Qc7 19. Qa4 Ra8 20.
Qxa5 Qxa5 21. Bxa5 Bxc4 22. Nxc4 dxc4 23. Bb4 Rfb8 24. Bxc4 Nd5 25. Bd2 Rxb1 26. Rxb1 N7b6 27. Bb3 f5 28. Rc1 Rc8 29. Ba5 Kf7 30. Bxb6 Nxb6 31. Ng5+ 1-0

[Event "*** Titled Tuesday Blitz"]
[Site "Chess.com"]
[Date "2018.06.05"]
[Round "4"]
[White "guillembaches"]
[Black "lucasmito"]
[Result "1-0"]
[WhiteElo "2233"]
[BlackElo "2310"]
[TimeControl "180+2"]
[EndTime "13:53:54 PDT"]
[Termination "guillembaches won by resignation"]

1. d4 Nf6 2. Bf4 g6 3. Nc3 d5 4. e3 Bg7 5. h4 c5 6. h5 cxd4 7. exd4 O-O 8. hxg6 fxg6 9. Nf3 Nc6 10. Bh6 Bxh6 11. Rxh6 Bf5 12. Bd3 Bxd3 13. Qxd3 Rc8 14.
Rxg6+ hxg6 15. Qxg6+ Kh8 16. O-O-O Nh7 17. Rh1 Rf7 18.
Ng5 1-0

[Event "*** Titled Tuesday Blitz"]
[Site "Chess.com"]
[Date "2018.06.05"]
[Round "4"]
[White "andrewtnb"]
[Black "hitaman"]
[Result "0-1"]
[WhiteElo "2372"]
[BlackElo "2569"]
[TimeControl "180+2"]
[EndTime "13:54:15 PDT"]
[Termination "hitaman won by resignation"]

1. d4 Nf6 2. c4 e6 3. Nc3 d5 4.
cxd5 Nxd5 5. e4 Nxc3 6. bxc3 c5 7. Nf3 cxd4 8. cxd4 Bb4+ 9. Bd2 Bxd2+ 10. Qxd2 O-O 11. Be2 b6 12. O-O Ba6 13. Bxa6 Nxa6 14. a4 Rc8 15. a5 b5 16. Rfb1 Rb8 17. Ne5 Qe8 18. Rc1 Rc8 19.
d5 Nc5 20. d6 Nb3 21. Qb2 Rxc1+ 22. Rxc1 Nxc1 23. Qxc1 Qb8 24. Qd2 Rd8 25. Qf4 f6 0-1

[Event "*** Titled Tuesday Blitz"]
[Site "Chess.com"]
[Date "2018.06.05"]
[Round "4"]
[White "AndrewDGreen"]
[Black "leoo2001"]
[Result "0-1"]
[WhiteElo "2191"]
[BlackElo "2244"]
[TimeControl "180+2"]
[EndTime "13:54:24 PDT"]
[Termination "leoo2001 won by resignation"]

1. d4 Nf6 2. Nf3 e6 3. Bf4 b6 4.
e3 Bb7 5. Nbd2 Be7 6. h3 c5 7. c3 O-O 8. Bd3 d6 9. O-O Nbd7 10. Bh2 cxd4 11. exd4 a6 12. a4 Qc7 13. Qe2 Rfe8 14. Rfe1 Bf8 15. Nc4 Rac8 16. Qe3 Nd5 17. Qg5 N7f6 18.
Re2 h6 19. Qh4 b5 20. axb5 axb5 21. Na5 Ra8 22. b4 Qxc3 23. Rd1 Ba6 24. g4 Nxb4 25.
Bb1 Qxf3 0-1

[Event "*** Titled Tuesday Blitz"]
[Site "Chess.com"]
[Date "2018.06.05"]
[Round "4"]
[White "Maitreia"]
[Black "OparinGrigoriy"]
[Result "0-1"]
[WhiteElo "2566"]
[BlackElo "2892"]
[TimeControl "180+2"]
[EndTime "13:54:42 PDT"]
[Termination "OparinGrigoriy won by resignation"]

1. c4 e6 2. g3 Nf6 3. Bg2 d5 4. Nf3 dxc4 5. Qa4+ Bd7 6. Qxc4 c5 7. Ne5 Qc8 8. O-O Nc6 9. Nxd7 Qxd7 10. d3 Be7 11.
Be3 Rc8 12. Nc3 O-O 13. Rac1 Nd4 14. a4 Rfd8 15. Rfe1 Ng4 16. Bf4 Nf6 17. Be3 b6 18.
Nb5 Nc6 19. Red1 Nd5 20. Bd2 h6 21. e4 Nf6 22. Bc3 a6 23. Na3 Qb7 24. Qb3 Qb8 25. Nc4 b5 26. axb5 axb5 27. Na3 b4 28.
Bxf6 Bxf6 29. Nc4 Nd4 30. Qa4 Ne2+ 31. Kh1 Nxc1 32. Rxc1 Rxd3 33. e5 Bxe5 34. Qa6 Rcd8 35. Ne3 Bxb2 36. Rxc5 Bd4 37. Rb5 Qa7 0-1

[Event "*** Titled Tuesday Blitz"]
[Site "Chess.com"]
[Date "2018.06.05"]
[Round "4"]
[White "SamCopeland"]
[Black "FearNoEvil12"]
[Result "1-0"]
[WhiteElo "2032"]
[BlackElo "1951"]
[TimeControl "180+2"]
[EndTime "13:54:48 PDT"]
[Termination "SamCopeland won by resignation"]

1. e4 a6 2. d4 b5 3. Nf3 Bb7 4. Bd3 e6 5. Qe2 Nf6 6. O-O d6 7. a4 b4 8. c3 bxc3 9. bxc3 Nbd7 10. Nbd2 Rg8 11. Rb1 Rb8 12. Bxa6 Bxa6 13. Qxa6 Rxb1 14. Nxb1 h6 15. Na3 g5 16. Nb5 g4 17. Nd2 Nb8 18.
Qb7 Kd7 19. Nc4 Ne8 20. a5 h5 21. a6 Nxa6 22. Qxa6 h4 23. Qb7 Qf6 24. Nb6+ Ke7 25. Nxc7 1-0

[Event "*** Titled Tuesday Blitz"]
[Site "Chess.com"]
[Date "2018.06.05"]
[Round "4"]
[White "littleplotkin"]
[Black "EndgameGrinder"]
[Result "1-0"]
[WhiteElo "2406"]
[BlackElo "2514"]
[TimeControl "180+2"]
[EndTime "13:54:52 PDT"]
[Termination "littleplotkin won by resignation"]

1. e4 c5 2. d4 cxd4 3. c3 Nf6 4. e5 Nd5 5. Nf3 d6 6. Bd3 Nc6 7. exd6 e6 8. cxd4 Bxd6 9. Nc3 Nxc3 10. bxc3 O-O 11.
Bxh7+ Kxh7 12. Ng5+ Kg6 13. h4 f5 14. h5+ Kf6 15.
h6 Rh8 16. Qh5 Qe8 17. Nh7+ Ke7 18. Qg5+ Kd7 19. hxg7 Rxh7 20. Rxh7 Ne7 21. g8=Q 1-0

[Event "*** Titled Tuesday Blitz"]
[Site "Chess.com"]
[Date "2018.06.05"]
[Round "4"]
[White "Alopekos"]
[Black "Litti"]
[Result "0-1"]
[WhiteElo "2343"]
[BlackElo "2306"]
[TimeControl "180+2"]
[EndTime "13:54:52 PDT"]
[Termination "Litti won by resignation"]

1. e4 c5 2. Nf3 e6 3. d4 cxd4 4. Nxd4 Nf6 5. Nc3 Nc6 6. a3 d5 7. exd5 exd5 8. Be2 Be7 9. O-O O-O 10. Be3 Bd7 11.
h3 Re8 12. Qd2 Rc8 13. Rad1 Ne5 14. Nf3 Nc4 15. Bxc4 dxc4 16. Bxa7 b6 17. Ne5 Bf5 18.
Qxd8 Bxd8 19. Rd4 Rxe5 20. Rfd1 Bc7 0-1

[Event "*** Titled Tuesday Blitz"]
[Site "Chess.com"]
[Date "2018.06.05"]
[Round "4"]
[White "akashcheck"]
[Black "awesomevishesh"]
[Result "1-0"]
[WhiteElo "2172"]
[BlackElo "2099"]
[TimeControl "180+2"]
[EndTime "13:54:55 PDT"]
[Termination "akashcheck won by resignation"]

1. e4 c5 2. Nf3 Nc6 3. Bb5 g6 4. Bxc6 bxc6 5. d3 Bg7 6. O-O Nh6 7. Nc3 d6 8. h3 O-O 9. Be3 e5 10. Qd2 f5 11. Bxh6 Bxh6 12. Qxh6 f4 13. Ng5 Qe7 14. Nf3 Rf6 15. Rab1 Be6 16. b4 cxb4 17. Rxb4 c5 18. Rb2 Kh8 19. Rfb1 Rc8 20. Rb7 Bd7 21. Nd5 Qd8 22.
Nxf6 1-0

[Event "*** Titled Tuesday Blitz"]
[Site "Chess.com"]
[Date "2018.06.05"]
[Round "4"]
[White "PulpanJ"]
[Black "Abund"]
[Result "0-1"]
[WhiteElo "2618"]
[BlackElo "2519"]
[TimeControl "180+2"]
[EndTime "13:55:01 PDT"]
[Termination "Abund won by resignation"]

1. e4 c6 2. d4 d5 3. e5 Bf5 4. Nf3 e6 5. Be2 c5 6. O-O Nc6 7. Be3 cxd4 8. Nxd4 Nxd4 9. Bxd4 Ne7 10. c4 Nc6 11. cxd5 Qxd5 12. Bf3 Qd7 13. Bxc6 Qxc6 14.
Nd2 Be7 15. Rc1 Qd7 16. Bc5 Bxc5 17. Rxc5 Rd8 18. g4 Bg6 19. Qf3 Qxd2 20. Qxb7 O-O 21. Qxa7 Qd4 22. Rc3 Qxa7 0-1

[Event "*** Titled Tuesday Blitz"]
[Site "Chess.com"]
[Date "2018.06.05"]
[Round "4"]
[White "Ali_rastbod"]
[Black "Aryangholami"]
[Result "0-1"]
[WhiteElo "2509"]
[BlackElo "2547"]
[TimeControl "180+2"]
[EndTime "13:55:04 PDT"]
[Termination "Aryangholami won by resignation"]

1. c4 e5 2. Nc3 Nc6 3. Nf3 Nf6 4. g3 Bb4 5. Bg2 O-O 6. O-O Bxc3 7. bxc3 e4 8. Ng5 Re8 9. f3 exf3 10. Nxf3 Qe7 11. e3 d6 12. Nd4 Ne5 13. d3 c5 14.
Nf5 Bxf5 15. Rxf5 Rad8 16. e4 h6 17. Rb1 a6 18. Rb2 b5 19. cxb5 axb5 20. Rxb5 d5 21. exd5 Nxd5 22. Qf1 Nxc3 23. Rb7 Qd6 24. Bf4 Qd4+ 25.
Kh1 Nxd3 26. Bxh6 Re1 27. Qxe1 Nxe1 28. Rfxf7 gxh6 29. a4 Nxg2 0-1

[Event "*** Titled Tuesday Blitz"]
[Site "Chess.com"]
[Date "2018.06.05"]
[Round "4"]
[White "nailbeshirli"]
[Black "Slovak_fighter2000"]
[Result "0-1"]
[WhiteElo "2495"]
[BlackElo "2403"]
[TimeControl "180+2"]
[EndTime "13:55:05 PDT"]
[Termination "Slovak_fighter2000 won by resignation"]

1. e4 e6 2. d3 d5 3. Nd2 c5 4.
Ngf3 Nc6 5. g3 Bd6 6. Bg2 Nge7 7.
O-O O-O 8. Re1 f6 9. h4 d4 10. Nf1 b5 11. N1h2 e5 12. Nd2 Be6 13. Rf1 c4 14. f4 cxd3 15. cxd3 Nb4 16. f5 Bf7 17.
Ndf3 Nxa2 18. g4 Nxc1 19. Rxc1 Rc8 20. g5 Rxc1 21. Qxc1 Bh5 22. gxf6 gxf6 23. Qh6 Qe8 24. Kh1 Kh8 25. Bh3 Ng8 26. Qd2 Rf7 27. Rg1 Rg7 28. Rxg7 Kxg7 29. Bg4 Bf7 30. Kg2 Nh6 31. Qa5 Qc6 32.
Qd2 a5 33. Ng5 Bb4 34. Qe2 fxg5 35. hxg5 Nxg4 36. Nxg4 Qc1 0-1

[Event "*** Titled Tuesday Blitz"]
[Site "Chess.com"]
[Date "2018.06.05"]
[Round "4"]
[White "ehrenfeld"]
[Black "nOcHeaTiNgKiD"]
[Result "1-0"]
[WhiteElo "2461"]
[BlackElo "2339"]
[TimeControl "180+2"]
[EndTime "13:55:06 PDT"]
[Termination "ehrenfeld won by resignation"]

1. e4 c5 2. d3 Nc6 3. f4 g6 4. Nf3 Bg7 5. Be2 d6 6. O-O Nf6 7. Qe1 Bg4 8. Nbd2 b5 9. Qh4 Bd7 10. e5 Nd5 11. Ne4 Bf5 12. Ng3 e6 13. Nxf5 gxf5 14.
Qg3 Kf8 15. c4 bxc4 16. dxc4 Ndb4 17. Rd1 Nc2 18. Rxd6 Qc7 19. Rb1 Rd8 20. Qf2 N6d4 21. Nxd4 Nxd4 22. Rxd8+ Qxd8 23. Be3 h6 24. Rd1 Kg8 25. b4 1-0

[Event "*** Titled Tuesday Blitz"]
[Site "Chess.com"]
[Date "2018.06.05"]
[Round "4"]
[White "RichardABates"]
[Black "GhostOfGreenval"]
[Result "1-0"]
[WhiteElo "2339"]
[BlackElo "2436"]
[TimeControl "180+2"]
[EndTime "13:55:19 PDT"]
[Termination "RichardABates won by resignation"]

1. d4 g6 2. Nf3 Bg7 3. g3 Nf6 4.
Bg2 O-O 5. O-O c5 6. c3 cxd4 7. cxd4 d5 8. Nc3 Ne4 9. Nxe4 dxe4 10. Ne5 Nc6 11. Nxc6 bxc6 12. Bxe4 Bxd4 13. Bxc6 Bh3 14. Bh6 Bxf1 15. Qxf1 Rc8 16. Bxf8 Rxc6 17. Bh6 Bxb2 18.
Rd1 Qc7 19. Qg2 Bg7 20. Qxc6 1-0

[Event "*** Titled Tuesday Blitz"]
[Site "Chess.com"]
[Date "2018.06.05"]
[Round "4"]
[White "ChessicallyInclined"]
[Black "Karina_Oparina"]
[Result "1-0"]
[WhiteElo "2237"]
[BlackElo "2179"]
[TimeControl "180+2"]
[EndTime "13:55:22 PDT"]
[Termination "ChessicallyInclined won by resignation"]

1. d4 Nf6 2. c4 e6 3. Nc3 Bb4 4. e3 b6 5. Ne2 Bb7 6. a3 Bxc3+ 7. Nxc3 O-O 8. Bd3 Bxg2 9. Rg1 Bb7 10. e4 d6 11. Bh6 Ne8 12. Qh5 Qf6 13. e5 Qg6 14. Bxg6 fxg6 15. Qh3 gxh6 16. Qxe6+ Kg7 17. Qe7+ Rf7 18.
Qxe8 Nd7 19. Qe6 dxe5 20. O-O-O exd4 21. Rxd4 Nc5 22. Qe5+ Kg8 23. Kb1 Raf8 24. f4 Nb3 25. Rd3 Nc5 26. Rdg3 Rf6 27. f5 Rxf5 28. Rxg6+ hxg6 29. Rxg6+ 1-0